 Dungeon Crawl Stone Soup version 0.18.1-6-gd335043 (webtiles) character file.

359 Etesian the Geomancer (level 6, -1/32 HPs)
             Began as a Deep Elf Earth Elementalist on May 15, 2016.
             Slain by an ogre
             ... wielding a +0 giant club
              (27 damage)
             ... on level 5 of the Dungeon.
             The game lasted 00:08:48 (4000 turns).

Etesian the Geomancer (Deep Elf Earth Elementalist) Turns: 4000, Time: 00:08:48

Health: -1/32      AC:  3    Str:  5    XL:     6   Next: 37%
Magic:  6/12       EV: 13    Int: 22    God:
Gold:   263        SH:  4    Dex: 15    Spells: 3 memorised, 2 levels left

rFire  . . .     SeeInvis .     b - 173 stones
rCold  . . .     Gourm    .     e - +1 robe
rNeg   . . .     Faith    .     (no shield)
rPois  .         Spirit   .     (no helmet)
rElec  .         Dismiss  .     (no cloak)
rCorr  .         Reflect  +     (no gloves)
SustAt .         Harm     .     (no boots)
MR     .....                    u - +4 amulet of reflection
Stlth  ++........               (no ring)
                                (no ring)

@: marked, not resistant to hostile enchantments, unstealthy
A: no striking features
a: no special abilities


You were on level 5 of the Dungeon.
You were near starving.

You visited 1 branch of the dungeon, and saw 5 of its levels.

You collected 263 gold pieces.

Inventory:

Hand Weapons
 a - a +0 spear
Missiles
 b - 173 stones (in hand)
Armour
 e - a +1 robe (worn)
Jewellery
 u - a +4 amulet of reflection (around neck)
Wands
 j - a wand of acid (8/15)
 o - a wand of heal wounds (4/9)
Scrolls
 f - 4 scrolls of remove curse
 h - a scroll of amnesia
 k - a scroll of blinking
 n - a scroll of teleportation
 q - 2 scrolls of fear
Potions
 g - 2 potions of might
 i - a potion of magic
 p - 2 potions of haste
 r - a potion of cure mutation
 t - a potion of brilliance
 v - a potion of berserk rage
 x - a potion of curing
Books
 c - a book of Geomancy

   Spells                             Type                      Level
   a - Sandblast                      Earth                        1
   b - Passwall                       Transmutation/Earth          2
   c - Stone Arrow                    Conjuration/Earth            3
   d - Petrify                        Transmutation/Earth          4
   e - Lee's Rapid Deconstruction     Earth                        5
 s - a book of the Dragon

   Spells                             Type                      Level
   a - Flame Tongue                   Conjuration/Fire             1
   b - Cause Fear                     Hexes                        4
   c - Bolt of Fire                   Conjuration/Fire             6
   d - Dragon Form                    Transmutation                7
   e - Dragon's Call                  Summoning                    9
Comestibles
 d - a bread ration
 l - 2 meat rations
 m - 2 beef jerkies


   Skills:
 - Level 2.4 Dodging
 - Level 2.4 Stealth
 - Level 3.0 Spellcasting
   Level 1.1 Transmutations
 + Level 8.0 Earth Magic


You had 2 spell levels left.
You knew the following spells:

 Your Spells              Type           Power        Failure   Level  Hunger
a - Sandblast             Erth           #####.       1%          1    None
b - Stone Arrow           Conj/Erth      ###...       10%         3    ###....
c - Lee's Rapid Deconstr  Erth           #####.....   14%         5    ######.


Dungeon Overview and Level Annotations

Branches:
Dungeon (5/15)
 Temple: D:4-7

Altars:
Fedhas
Nemelex Xobeh
Ru


Message History

Confirm with . or Enter, or press ? or * to list all spells.
Aiming: Sandblast
Press: ? - help, Shift-Dir - straight line, f/p - centaur
Aim: a centaur, wielding a shortbow (heavily wounded)
The rocky blast hits the centaur.
You kill the centaur!
Casting: Sandblast
Confirm with . or Enter, or press ? or * to list all spells.
Aiming: Sandblast
Press: ? - help, Shift-Dir - straight line, f - adder
Aim: an adder The rocky blast hits the adder.
You kill the adder!
Your Earth Magic skill increases to level 8!
An ogre comes into view. It is wielding a giant club.
You now have 6/12 mp. 2 orcs come into view.
The ogre hits you with a giant club!!
Ouch! That really hurt!
You die...

. # #.#.# .
..#. ##.#.## .#
..... ..#.. ..
....##.#.###.#
#.##..........#
...o.......#
.##o.#<#..#
#....O..######
##.#.#@.......
...#.#..######
... #.#..#
..... #.#.(#
.... #.#..#
....
#.#........
#..#####. #...
#..##


You could see an ogre and 2 orcs.

Vanquished Creatures
  A phantom (D:4)
  A centaur (D:5)
  A centaur zombie (D:5)
  A hound (D:4)
  9 adders
  A worm (D:4)
  2 dart slugs
  A giant gecko (D:1)
  A ball python (D:3)
  3 bats
  2 giant cockroaches (D:2)
  7 goblins
  7 hobgoblins
  A jackal (D:2)
  5 kobolds
  A quokka (D:2)
  4 giant newts
  A jackal skeleton (D:5)
  2 rats
51 creatures vanquished.

Notes
Turn   | Place    | Note
--------------------------------------------------------------
     0 | D:1      | Etesian the Deep Elf Earth Elementalist began the quest for the Orb.
     0 | D:1      | Reached XP level 1. HP: 10/10 MP: 6/6
   767 | D:1      | Reached XP level 2. HP: 1/15 MP: 2/8
   863 | D:1      | Reached skill level 4 in Earth Magic
  1392 | D:2      | Reached XP level 3. HP: 16/19 MP: 9/9
  1441 | D:2      | Learned a level 3 spell: Stone Arrow
  1504 | D:2      | Found a faded altar to an unknown god.
  2016 | D:2      | Reached skill level 5 in Earth Magic
  2303 | D:3      | Found a blossoming altar of Fedhas.
  2728 | D:3      | Reached XP level 4. HP: 24/24 MP: 4/10
  2933 | D:3      | Reached skill level 6 in Earth Magic
  3216 | D:4      | Found a sacrificial altar of Ru.
  3354 | D:4      | Reached XP level 5. HP: 28/28 MP: 6/11
  3363 | D:4      | Learned a level 5 spell: Lee's Rapid Deconstruction
  3446 | D:4      | Noticed a phantom
  3460 | D:4      | Killed a phantom
  3460 | D:4      | Reached skill level 7 in Earth Magic
  3735 | D:4      | Found a sparkling altar of Nemelex Xobeh.
  3977 | D:5      | Entered Level 5 of the Dungeon
  3995 | D:5      | Reached XP level 6. HP: 26/32 MP: 8/12
  3999 | D:5      | Reached skill level 8 in Earth Magic
  4000 | D:5      | Slain by an ogre

Skill      XL: |  1  2  3  4  5  6 |
---------------+-------------------+-----
Earth Magic    | 4 5 6 7 8 |  8.0
Dodging        | |  2.4
Stealth        | |  2.4
Spellcasting   | |  3.0
Transmutations | |  1.1

Action                   |  1- 3 |  4- 6 || total
-------------------------+-------+-------++-------
Melee: Spear             |    81 |       ||    81
 Cast: Sandblast         |    46 |    24 ||    70
       Stone Arrow       |     3 |     7 ||    10
  Use: Scroll            |     8 |     9 ||    17
       Potion            |     1 |       ||     1
 Stab: Sleeping          |     4 |       ||     4
       Distracted        |     1 |       ||     1
  Eat: Chunk             |     4 |     3 ||     7
       Pizza             |       |     1 ||     1
Armor: Robe              |    20 |       ||    20
Dodge: Dodged            |    60 |     2 ||    62
